 Dungeon Sprint DCSS version 0.28-a0-863-g8cecda6153 (webtiles) character file.

Game seed: 12160719659082881710

70 emperorscorpion the Magician (level 4, -7/31 HPs)
             Began as a Djinni Air Elementalist on Nov 18, 2021.
             Mangled by an ogre (9 damage)
             ... in the Dungeon (Sprint IX: "|||||||||||||||||||||||||||||").
             The game lasted 00:00:24 (71 turns).

emperorscorpion the Magician (DjAE)                   Turns: 71, Time: 00:00:25

Health: -7/31      AC:  2    Str:  7    XL:     4   Next: 44%
Gold:   0          EV: 13    Int: 17    God:
                   SH:  0    Dex: 14

rFire   + + .      SeeInvis .   (no weapon)
rCold   x . .      Faith    .   (no shield)
rNeg    . . .      Spirit   .   a - +0 robe
rPois   ∞          Reflect  .   (no helmet)
rElec   .          Harm     .   (no cloak)
rCorr   .          Rampage  .   (no gloves)
Will    .....      NoTele   +   (boots unavailable)
Stlth   ++........              (no amulet)
HPRegen 0.10/turn               (no ring)
MPRegen 0.00/turn               (no ring)

@: flying, very slightly contaminated
A: sickness immunity, fire resistance 2, cold vulnerability 1, float, innate
caster, hp casting, extra vitality 1
a: no special abilities


You were in the Dungeon.
You visited 1 branch

Inventory:

Armour
 a - a +0 robe (worn)
Scrolls
 f - a scroll of blinking
Potions
 b - a potion of curing
 c - a potion of heal wounds
 d - a potion of haste
 e - a potion of berserk rage


   Skills:
 + Level 3.9 Dodging
 + Level 2.6 Stealth
 + Level 5.7 Spellcasting


You had 3 spell levels left.
You knew the following spells:

 Your Spells              Type           Power      Damage    Failure   Level
a - Shock                 Conj/Air       96%        1d9       1%          1
b - Static Discharge      Conj/Air       24%        N/A       1%          2
c - Swiftness             Air            24%        N/A       3%          3
d - Airstrike             Air            12%        N/A       12%         4
e - Beastly Appendage     Tmut           48%        N/A       1%          1
Your spell library was empty.

Dungeon Overview and Level Annotations

Branches:
Dungeon (1/1)

Altars:


Innate Abilities, Weirdness & Mutations

You are immune to sickness and miasma.
You are immune to poison.
Your flesh is very heat resistant. (rF++)
You are vulnerable to cold. (rC-)
You float through the air rather than walking.
You learn spells naturally, not from books.
Your magical power is your life essence.
You have superior vitality. (+4 HP)


Message History

Aim: a hound (heavily wounded, 60% to hit)
The zap hits the hound.
The hound is almost dead.
The zap hits the hound.
You kill the hound!
The zap hits the ogre.
The ogre is heavily wounded.
* * * LOW HITPOINT WARNING * * *
The hound bites you but does no damage.
Your Dodging skill increases to level 3!
Your Stealth skill increases to level 2!
Your Spellcasting skill gained 2 levels and is now at level 5!
You have reached level 3!
Your experience leads to an increase in your attributes!
Increase (S)trength, (I)ntelligence, or (D)exterity?
You feel clever.
The power to cast Beastly Appendage wells up from within.
Spell assigned to 'e'.
Casting: Shock (safe; 1% risk of failure)
Confirm with . or Enter, or press ? or * to list all spells.
The hound is struck by an arc of lightning!
You kill the hound!
You are struck by an arc of lightning.
* * * LOW HITPOINT WARNING * * *
x2 You have reached level 4!
You feel agile.
Casting: Static Discharge (safe; 1% risk of failure)
Confirm with . or Enter, or press ? or * to list all spells.
The ogre is struck by an arc of lightning!
The ogre is almost dead.
The lightning grounds out.
* * * LOW HITPOINT WARNING * * *
Unknown command.
Casting: Static Discharge (safe; 1% risk of failure)
Confirm with . or Enter, or press ? or * to list all spells.
The ogre is struck by an arc of lightning.
The ogre is almost dead.
The lightning grounds out.
* * * LOW HITPOINT WARNING * * *
The ogre hits you with a +0 giant club!
You die... ▓▓▓▓▓▓▓▓▓▓▓▓▓▓▓▓▓▓ +..)..O@.†.††...<▓ ▓▓▓▓▓▓▓▓▓▓▓▓▓▓▓▓▓▓

You could see an ogre.

Vanquished Creatures
  2 hounds (D)
  A dart slug (D)
  An orc (D)
  An endoplasm (D)
  A quokka (D)
  A ball python zombie (D)
  A frilled lizard (D)
  A rat (D)
9 creatures vanquished.

Notes
Turn   | Place    | Note
-------+----------+-------------------------------------------
     0 | D        | emperorscorpion the Djinni Air Elementalist began the quest
                  | for the Orb.
     0 | D        | Reached XP level 1. HP: 15/15 MP: 0/0
     6 | D        | Reached skill level 3 in Spellcasting
     7 | D        | Reached XP level 2. HP: 17/21 MP: 0/0
    60 | D        | Noticed an ogre
    69 | D        | Reached skill level 5 in Spellcasting
    69 | D        | Reached XP level 3. HP: 7/25 MP: 0/0
    69 | D        | Learned a level 1 spell: Beastly Appendage
    70 | D        | Reached XP level 4. HP: 6/31 MP: 0/0
    71 | D        | Mangled by an ogre

Illustrated notes

Levels and vault maps discovered:
D:        linesprint [early_d, line_temple, items_1, d_10, items_2, lair_1,
          lair_end, items_3, orc_1, orc_end, items_4, d_15, swamp_1, shoals_1,
          snake_1, spider_1, d_20, vaults_1, items_5, swamp_end, shoals_end,
          snake_end, spider_end, vaults_end, d_27, items_6, zot_1, zot_end,
          crypt_end, forest_end, elf_end, slime_end, tomb_end, abyss_end,
          pan_hell_end]

Skill      XL: |  1  2 |
---------------+-------+-----
Spellcasting   | 3 5 |  5.7
Dodging        | 3 |  3.9
Stealth        | 2 |  2.6

Action                   |  1- 3 |  4- 6 || total
-------------------------+-------+-------++-------
 Cast: Shock             |    10 |       ||    10
       Static Discharge  |     1 |     2 ||     3
Armor: Robe              |     3 |       ||     3
Dodge: Dodged            |     5 |       ||     5

Table legend: (Time is in decaauts)
 A = Elapsed time spent in this place.
 B = Non-inter-level travel time spent in this place.
 C = Inter-level travel time spent in this place.
 D = Time resting spent in this place.
 E = Time spent auto-exploring this place.
 F = Levels seen in this place.
 G = Mean time per level.
                   A        B        C        D        E       F      G
               +--------+--------+--------+--------+--------+-----+--------+
         Total |     71 |     71 |      0 |     47 |      0 |   1 |   71.0 |
       Dungeon |     71 |     71 |      0 |     47 |      0 |   1 |   71.0 |
               +--------+--------+--------+--------+--------+-----+--------+

Top non-repeatable levels by time:
       D: 71 daAuts
